 Dungeon Crawl Stone Soup version bcrawl-1.19.2-6-g6a88ae04c9 (webtiles) character file.

Game seed: 13863059434365585326

82 Freyura the Twirler (level 4, 0/34 HPs)
             Began as a Demonspawn Gladiator on Dec 22, 2019.
             Slain by a goblin (2 damage)
             ... on level 2 of the Dungeon.
             The game lasted 00:04:05 (1540 turns).

Freyura the Twirler (Demonspawn Gladiator)          Turns: 1540, Time: 00:04:05

Health: 0/34       AC:  7    Str: 14    XL:     4   Next: 21%
Magic:  4/4        EV: 11    Int: 10    God:
Gold:   88         SH:  0    Dex: 17    Spells: 3/3 levels left

rFire    . . .     SeeInvis .   a - +0 quarterstaff
rCold    . . .     Gourm    .   (shield currently unavailable)
rNeg     . . .     Faith    .   i - +0 scale mail
rPois    .         Spirit   .   c - +0 helmet
rElec    .         Reflect  .   (no cloak)
rCorr    .         Harm     .   (no gloves)
MR       .....                  (no boots)
Stlth    ..........             (no amulet)
HPRegen  0.11/turn              g - +2 ring of dexterity
MPRegen  0.09/turn              (no ring)

@: no status effects
A: powered by death 1
a: no special abilities


You were on level 2 of the Dungeon.
You were not hungry.

You visited 1 branch of the dungeon, and saw 2 of its levels.

You collected 88 gold pieces.

Inventory:

Hand Weapons
 a - a +0 quarterstaff (weapon)
Missiles
 d - 3 throwing nets (quivered) {!f}
Armour
 b - a +0 leather armour
 c - a +0 helmet (worn)
 i - a +0 scale mail (worn)
Jewellery
 g - a +2 ring of dexterity (left hand)
Scrolls
 e - 2 scrolls of magic mapping {unknown}
 h - a scroll of noise {unknown}
 j - 2 scrolls of teleportation {unknown}
 l - a scroll of identify {unknown}
 m - a scroll of blinking {unknown}
Comestibles
 f - 4 rations {!d}


   Skills:
 + Level 2.6 Fighting
 * Level 3.5 Staves
 - Level 1.7 Throwing
 + Level 1.3 Armour
 + Level 3.2 Dodging


You had 3 spell levels left.
You didn't know any spells.
Your spell library was empty.

Dungeon Overview and Level Annotations

Branches:
Dungeon (2/12)

Altars:
Trog


Innate Abilities, Weirdness & Mutations

You regenerate a little health from kills.


Message History

You sock Robin!
You kill Robin!
The goblin hits you.
* * * LOW HITPOINT WARNING * * *
You closely miss the hobgoblin. The goblin closely misses you.
The hobgoblin hits you.
* * * LOW HITPOINT WARNING * * *
The goblin closely misses you.
You sock the hobgoblin!
You kill the hobgoblin!
The goblin barely misses you.
You miss the goblin. The goblin hits you.
* * * LOW HITPOINT WARNING * * *
You hit the goblin.
The goblin is severely wounded.
The goblin misses you.
You closely miss the goblin.
The goblin is severely wounded.
The goblin hits you.
You die...

############## #............#
#.##########.# #.# #.# ########
#.# ######.#####.. .......#
###.#####............. .......#
#..............#####.#
.......###.#..#####.##..# #
...............g@))..#..#####.###
...........#..#####.......).)....
...).........(#####...<..........
.......#####............#####.###
..#.#### #.#####.....## .# ..#.#
#.# #.###.## . ..#.##### #.# #.#
#..## .. ........# #.# #.###...##
.. ....###.# #.# #........## .#


You could see a goblin.

Vanquished Creatures
  Robin (D:2)
  An ooze (D:2)
  3 worms (D:2)
  A dart slug (D:2)
  A leopard gecko (D:2)
  A ball python (D:1)
  3 giant cockroaches (D:2)
  11 goblins
  14 hobgoblins
  2 quokkas (D:2)
  4 bats
  5 kobolds
  2 rats (D:1)
49 creatures vanquished.

Notes
Turn   | Place    | Note
-------+----------+-------------------------------------------
     0 | D:1      | Freyura the Demonspawn Gladiator began the quest for the
                  | Orb.
     0 | D:1      | Reached XP level 1. HP: 16/16 MP: 1/1
   374 | D:1      | Gained mutation: You regenerate a little health from kills.
                  | [demonic ancestry]
   374 | D:1      | Reached XP level 2. HP: 22/22 MP: 2/2
   979 | D:2      | Reached XP level 3. HP: 28/28 MP: 3/3
  1028 | D:2      | Found a bloodstained altar of Trog.
  1076 | D:2      | Reached skill level 1 in Armour
  1487 | D:2      | Noticed Robin
  1512 | D:2      | Reached XP level 4. HP: 27/34 MP: 4/4
  1535 | D:2      | Killed Robin
  1538 | D:2      | HP: 1/34 [goblin (3)]
  1540 | D:2      | Slain by a goblin

Skill      XL: |  1  2  3 |
---------------+----------+-----
Staves         | 3 |  3.5
Dodging        | 3 |  3.2
Armour         | 1 |  1.3
Fighting       | |  2.6
Throwing       | |  1.7

Action                   |  1- 3 |  4- 6 || total
-------------------------+-------+-------++-------
Melee: Quarterstaff      |   152 |    23 ||   175
  Eat: Chunk             |     2 |       ||     2
Armor: Leather armour    |     7 |       ||     7
       Scale mail        |    88 |    27 ||   115
Dodge: Dodged            |   119 |    22 ||   141
